 Dungeon Crawl Stone Soup version 0.30-a0-757-ga6a79fd877 (webtiles) character file.

Game seed: 8548110521245365324

247 Newt the Shooter (level 6, -6/40 HPs)
             Began as a Kobold Hunter on Feb 9, 2023.
             Was an Initiate of Makhleb.
             Mangled by an ice beast (22 damage)
             ... on level 4 of the Dungeon.
             The game lasted 00:03:08 (3117 turns).

Newt the Shooter (Kobold Hunter)                    Turns: 3117, Time: 00:03:09

Health: -6/40      AC:  4    Str:  3    XL:     6   Next: 33%
Magic:  6/6        EV: 14    Int: 11    God:    Makhleb [......]
Gold:   111        SH:  5    Dex: 26    Spells: 5/5 levels left

rFire   + . .      SeeInvis +    a - +1 shortbow
rCold   x . .      Faith    .    (shield currently unavailable)
rNeg    . . .      Spirit   .    c - +0 leather armour
rPois   .          Reflect  +    (no helmet)
rElec   .          Harm     +    h - scarf {harm}
rCorr   +          Rampage  .    (no gloves)
Will    .....                    o - +0 pair of boots
Stlth   +++                      g - amulet of reflection
HPRegen 0.26/turn                j - ring of Dailelut {Fire rCorr Str-5 Dex+6 SInv}
MPRegen 0.10/turn                (no ring)

@: no status effects
A: small, no large weapons, nightstalker 3
a: Renounce Religion


You were on level 4 of the Dungeon.
You worshipped Makhleb.
Makhleb was noncommittal.
You visited 2 branches of the dungeon, and saw 6 of its levels.

You collected 213 gold pieces.
You spent 102 gold pieces at shops.

Inventory:

Hand Weapons
 a - a +1 shortbow (weapon)
Armour
 c - a +0 leather armour (worn)
 h - a scarf of harm (worn)
 o - a +0 pair of boots (worn)
Jewellery
 d - an amulet of regeneration
 g - an amulet of reflection (around neck)
 j - the ring of Dailelut (left hand) {Fire rCorr Str-5 Dex+6 SInv}
   (You acquired it on level 3 of the Dungeon)

   [ring of fire]

   It enhances your fire magic.
   Str:       It affects your strength (-5).
   Dex:       It affects your dexterity (+6).
   rF:        It protects you from fire.
   rC:        It makes you vulnerable to cold.
   SInv:      It lets you see invisible.
   rCorr:     It protects you from acid and corrosion.
Scrolls
 b - a scroll of immolation
 f - a scroll of fear
 i - 2 scrolls of amnesia
 k - 5 scrolls of identify
 n - 2 scrolls of noise {unknown}
 q - a scroll of magic mapping
 r - a scroll of enchant weapon
Potions
 e - a potion of lignification
 l - a potion of curing {unknown}
 m - 2 potions of brilliance {unknown}
 p - a potion of attraction {unknown}


   Skills:
 - Level 5.0 Fighting
 + Level 7.7 Ranged Weapons
 - Level 2.4 Dodging
 - Level 1.3 Stealth


You had 5 spell levels left.
You didn't know any spells.
Your spell library contained the following spells:

 Spells                   Type           Power      Damage    Failure   Level
 Frozen Ramparts          Ice            0%         1d1       91%         3
 Tukima's Dance           Hex            0%         N/A       91%         3
 Ice Form                 Ice/Tmut       0%         N/A       100%        4
 Passage of Golubria      Tloc           0%         N/A       100%        4
 Summon Ice Beast         Ice/Summ       0%         N/A       100%        4
 Yara's Violent Unravell  Hex/Tmut       0%         3d3       100%        5


Dungeon Overview and Level Annotations

Branches:
Dungeon (5/15)             Temple (1/1) D:4

Altars:
Ashenzari
Fedhas
Makhleb
Okawaru
Sif Muna
Trog
Vehumet
Xom
Yredelemnul
Zin
The Shining One

Shops:
D:3 *


Innate Abilities, Weirdness & Mutations

You are small and have problems with some larger weapons.
You are completely attuned to the shadows.


Message History

You hear a shout!
You hear a bark!
You shoot an arrow.
The arrow hits the ice beast but does no damage.
The ice beast misses you.
You shoot an arrow. The arrow closely misses the ice beast.
The ice beast completely misses you.
You shoot an arrow. The arrow hits the ice beast.
The ice beast is lightly wounded.
The ice beast barely misses you.
A gnoll comes into view. It is wielding a +0 flail.
You shoot an arrow. The arrow hits the ice beast!
The ice beast is heavily wounded.
The ice beast hits you. The ice beast freezes you!!
You feel a terrible chill!
Ouch! That really hurt!
You block the ice beast's attack.
You are too injured to fight recklessly!
You are too injured to fight recklessly!
You are too injured to fight recklessly!
You are too injured to fight recklessly!
You are too injured to fight recklessly!
You are too injured to fight recklessly!
You are too injured to fight recklessly!
You are too injured to fight recklessly!
You are too injured to fight recklessly!
You are too injured to fight recklessly!
You are too injured to fight recklessly!
You are too injured to fight recklessly!
You are too injured to fight recklessly!
You are too injured to fight recklessly!
You are too injured to fight recklessly!
You are too injured to fight recklessly!
You are too injured to fight recklessly!
You are too injured to fight recklessly!
You are too injured to fight recklessly!
Unknown command.
You shoot an arrow. The arrow barely misses the ice beast.
You hear a shout!
The ice beast hits you. The ice beast freezes you!!
You feel a terrible chill!
Ouch! That really hurt!
You die...

.............##..#.#ยง#.#...
....#.......#....#.###.#...
.....###.........#.....#...
####.####......#########...
#...##.....)........#...
#...##......##..........
'...#....##..####.........
###.##........ #....#....
#....##@.... ###...#....
#.....#Y....##.#...#<...
..#...)g...#......###..
#.............#...###..
......#...###....#..
............. ##.......###.
........#.## #....#....##


You could see an ice beast and a gnoll.

Vanquished Creatures
  2 hounds (D:4)
  An iguana (D:4)
  Natasha (twice) (D:4)
  A gnoll (D:1)
  5 adders
  A dart slug (D:1)
  An orc (D:4)
  4 ball pythons
  5 endoplasms
  7 giant cockroaches
  5 goblins
  5 hobgoblins
  7 kobolds
  A quokka (D:3)
  5 bats
  A frilled lizard (D:1)
  3 rats
56 creatures vanquished.

Vanquished Creatures (others)
  A wizard (D:4)
  4 plants (D:1)
5 creatures vanquished.

Grand Total: 61 creatures vanquished

Notes
Turn   | Place    | Note
-------+----------+-------------------------------------------
     0 | D:1      | Newt the Kobold Hunter began the quest for the Orb.
     0 | D:1      | Reached XP level 1. HP: 12/12 MP: 1/1
   179 | D:1      | Reached XP level 2. HP: 18/18 MP: 2/2
   243 | D:1      | Reached XP level 3. HP: 23/23 MP: 3/3
   762 | D:2      | Reached XP level 4. HP: 30/30 MP: 4/4
  1128 | D:2      | Reached skill level 5 in Fighting
  1718 | D:3      | You fall into a shaft and drop 2 floors!
  1718 | D:5      | Entered Level 5 of the Dungeon
  1794 | D:4      | Reached skill level 6 in Ranged Weapons
  1794 | D:4      | Reached XP level 5. HP: 26/35 MP: 5/5
  1827 | D:4      | Noticed Natasha
  1831 | D:4      | Killed Natasha
  1846 | D:4      | Found a staircase to the Ecumenical Temple.
  1852 | Temple   | Entered the Ecumenical Temple
  1898 | Temple   | Became a worshipper of Makhleb the Destroyer
  1921 | D:4      | Noticed Natasha
  1923 | D:4      | Killed Natasha
  2060 | D:3      | Found Qesseah's Assorted Antiques.
  2066 | D:3      | Bought a scroll of identify for 34 gold pieces
  2066 | D:3      | Bought a scroll of identify for 34 gold pieces
  2066 | D:3      | Bought a scroll labelled HOSOTA YZXANN for 17 gold pieces
  2068 | D:3      | Bought a scroll labelled QINKENIBRE for 17 gold pieces
  2068 | D:3      | Acquired the ring of Dailelut {Fire rCorr Str-5 Dex+6 SInv}
  2344 | D:3      | Found a radiant altar of Vehumet.
  2819 | D:4      | Found a blossoming altar of Fedhas.
  2847 | D:4      | Reached skill level 7 in Ranged Weapons
  2847 | D:4      | Reached XP level 6. HP: 40/40 MP: 6/6
  3029 | D:4      | Found a bloodstained altar of Trog.
  3032 | D:4      | Noticed a wizard
  3044 | D:4      | Killed a wizard
  3111 | D:4      | Noticed an ice beast
  3117 | D:4      | Mangled by an ice beast

Illustrated notes

Levels and vault maps discovered:
D:1:      saegor_arrival_fortress, layout_basic, nicolae_grassy_gnolls
D:2:      layout_basic
D:3:      layout_basic, vehumet_crystals, serial_shops,
          nicolae_shop_temple_entry_statues_fountains
D:4:      layout_cave_pools, fedhas_altar_1, trog_wizard, lemuel_doored_altar,
          minmay_temple_entry_hall, kennysheep_generic_room_5, uniq_natasha
D:5:      layout_rooms, mainiacjoe_overflow_cross_hatched, uniq_pikel
Temple:   hellmonk_temple_of_storms

Skill      XL: |  1  2  3  4  5 |
---------------+----------------+-----
Fighting       | 3 4 5 |  5.0
Ranged Weapons | 6 7 |  7.7
Dodging        | |  2.4
Stealth        | |  1.3

Action                     |  1- 3 |  4- 6 || total
---------------------------+-------+-------++-------
   Fire: Shortbow          |    58 |   106 ||   164
    Use: Scroll            |     4 |     5 ||     9
 Armour: Leather armour    |     4 |    16 ||    20
  Dodge: Dodged            |    16 |    70 ||    86
  Block: Other             |       |     3 ||     3

Table legend: (Time is in decaauts)
 A = Elapsed time spent in this place.
 B = Non-inter-level travel time spent in this place.
 C = Inter-level travel time spent in this place.
 D = Time resting spent in this place.
 E = Time spent auto-exploring this place.
 F = Levels seen in this place.
 G = Mean time per level.
                   A        B        C        D        E       F      G
               +--------+--------+--------+--------+--------+-----+--------+
         Total |   3160 |   3075 |     85 |    247 |   2443 |   6 |  526.7 |
       Dungeon |   3108 |   3024 |     84 |    247 |   2406 |   5 |  621.6 |
        Temple |     51 |     51 |      0 |      0 |     37 |   1 |   51.0 |
               +--------+--------+--------+--------+--------+-----+--------+

Top non-repeatable levels by time:
     D:3: 1025 daAuts
     D:2: 883 daAuts
     D:1: 698 daAuts
     D:4: 485 daAuts
  Temple: 51 daAuts
     D:5: 15 daAuts
